 Dungeon Crawl Stone Soup version 0.32-a0-540-g866d13106e (webtiles) character file.

Game seed: 10709833193720733091

19 Dittersdorf the Trooper (level 2, 0/19 HPs)
             Began as a Gargoyle Fighter on Feb 28, 2024.
             Frozen to death by an endoplasm (5 damage)
             ... on level 1 of the Dungeon.
             The game lasted 00:00:19 (155 turns).

Dittersdorf the Trooper (Gargoyle Fighter)           Turns: 155, Time: 00:00:19

Health: 0/19       AC:  9    Str: 19    XL:     2   Next: 75%
Magic:  2/2        EV: 14    Int:  8    God:
Gold:   43         SH:  4    Dex:  9    Spells: 1/1 levels left

rFire   . . .        a - +0 flail
rCold   . . .        c - +0 buckler
rNeg    + . .        b - +0 scale mail
rPois   ∞            (no helmet)
rElec   +            (no cloak)
rCorr   .            (no gloves)
SInv    .            (no boots)
Will    .....        (no amulet) Stlth
                     e - +5 ring of evasion
HPRegen 0.23/turn    (no ring)
MPRegen 0.08/turn

%: no passive effects
@: no status effects
A: sickness immunity, AC +2, negative energy resistance 1, electricity
resistance, torment resistance 1, petrification resistance
a: no special abilities


You were on level 1 of the Dungeon.
You visited 1 branch of the dungeon, and saw 1 of its levels.

You collected 43 gold pieces.

Inventory:

Hand Weapons
 a - a +0 flail (weapon)
Armour
 b - a +0 scale mail (worn)
 c - a +0 buckler (worn)
Jewellery
 e - a +5 ring of evasion (left hand)
Potions
 d - a potion of might


   Skills:
 + Level 3.6 Fighting
 + Level 2.3 Maces & Flails
 + Level 3.5 Armour
 + Level 3.5 Shields


You had one spell level left.
You didn't know any spells.
Your spell library was empty.

Dungeon Overview and Level Annotations

Branches:
Dungeon (1/15)

Altars:


Innate Abilities, Weirdness & Mutations

You are immune to sickness and miasma.
Your stone body is resilient. (AC +2)
You are immune to poison.
You resist negative energy. (rN+)
You are resistant to electric shocks. (rElec)
You are resistant to unholy torment.
You are immune to petrification.


Message History

The hobgoblin hits you but does no damage.
The endoplasm hits you.
You escape the ball python's grasp.
The kobold closely misses you.
The hobgoblin attacks as it pursues you!
You block the hobgoblin's attack. The kobold attacks as it pursues you!
The kobold hits you but does no damage.
The hobgoblin hits you but does no damage.
The kobold attacks as it pursues you! The kobold hits you but does no damage.
The kobold attacks as it pursues you! The kobold hits you but does no damage.
You miss the kobold. The kobold hits you but does no damage.
The kobold hits you with a +0 short sword.
* * * LOW HITPOINT WARNING * * *
You sock the kobold!
You kill the kobold!
The hobgoblin closely misses you.
You barely miss the hobgoblin. The hobgoblin closely misses you.
You closely miss the hobgoblin.
The hobgoblin hits you but does no damage.
You hit the hobgoblin.
The hobgoblin is almost dead.
You block the hobgoblin's attack. The hobgoblin misses you.
You sock the hobgoblin!
You kill the hobgoblin!
The ball python closely misses you. The ball python barely misses you.
You closely miss the ball python. You block the ball python's attack.
The ball python grabs you. The ball python constricts you.
You block the ball python's attack. The ball python constricts you.
You sock the ball python!
You kill the ball python!
You hit the endoplasm.
The endoplasm is severely wounded.
The endoplasm freezes you.
You are frozen.
* * * LOW HITPOINT WARNING * * *
You barely miss the endoplasm.
The endoplasm is severely wounded.
The endoplasm misses you. The endoplasm freezes you.
You are frozen.
You die...

#... #.###.......
#....#...........
#........)#.....
######..#....#..
###J.#.##.# #....#.# ###
#J##...# .# #J####...##.#
#@# ##..#.# # #.#######...#
.#..
##########.##.....##.##.#..
#..........##...........#..
#.......#####.......#..##..
#........)..........#...##.
.............####..........
......(......# #...###....
.......####### #....††....


You could see 2 endoplasms.

Vanquished Creatures
  A dart slug (D:1)
  A bat (D:1)
  A giant cockroach (D:1)
  2 hobgoblins (D:1)
  4 ball pythons (D:1)
  4 kobolds (D:1)
  4 rats (D:1)
17 creatures vanquished.

Notes
Turn   | Place    | Note
-------+----------+-------------------------------------------
     0 | D:1      | Dittersdorf the Gargoyle Fighter began the quest for the
                  | Orb.
     0 | D:1      | Reached XP level 1. HP: 14/14 MP: 1/1
    51 | D:1      | Reached XP level 2. HP: 19/19 MP: 2/2
   155 | D:1      | Frozen to death by an endoplasm

Illustrated notes

Levels and vault maps discovered:
D:1:      roderic_dead_forest, layout_basic

Action                     || total
---------------------------++-------
  Melee: Flail             ||    46
 Armour: Scale mail        ||    59
  Dodge: Dodged            ||    41
  Block: Buckler           ||    19

Table legend: (Time is in decaauts)
 A = Elapsed time spent in this place.
 B = Non-inter-level travel time spent in this place.
 C = Inter-level travel time spent in this place.
 D = Time resting spent in this place.
 E = Time spent auto-exploring this place.
 F = Levels seen in this place.
 G = Mean time per level.
                   A        B        C        D        E       F      G
               +--------+--------+--------+--------+--------+-----+--------+
         Total |    169 |    169 |      0 |      0 |     75 |   1 |  169.0 |
       Dungeon |    169 |    169 |      0 |      0 |     75 |   1 |  169.0 |
               +--------+--------+--------+--------+--------+-----+--------+

Top non-repeatable levels by time:
     D:1: 169 daAuts
